 Dungeon Crawl Stone Soup version 0.25-a0-460-g4f2eb97ec1 (webtiles) character file.

Game seed: 13951618532538246310, levelgen mode: deterministic

72 McKennaii the Chiller (level 4, 0/24 HPs)
             Began as a Deep Elf Ice Elementalist on Feb 3, 2020.
             Slain by a hobgoblin (5 damage)
             ... on level 2 of the Dungeon.
             The game lasted 00:02:26 (1699 turns).

McKennaii the Chiller (Deep Elf Ice Elementalist)   Turns: 1699, Time: 00:02:26

Health: 0/24       AC:  2    Str:  5    XL:     4   Next: 6%
Magic:  7/12       EV: 13    Int: 21    God:
Gold:   80         SH:  0    Dex: 15    Spells: 10/11 levels left

rFire    . . .     SeeInvis .   (no weapon)
rCold    . . .     Gourm    .   (no shield)
rNeg     . . .     Faith    .   a - +0 robe
rPois    .         Spirit   .   (no helmet)
rElec    .         Reflect  .   (no cloak)
rCorr    .         Harm     .   (no gloves)
MR       .....                  (no boots)
Stlth    ++........             (no amulet)
HPRegen  0.08/turn              (no ring)
MPRegen  0.13/turn              (no ring)

@: lethally poisoned (0 -> -4), hasted, very quick
A: no striking features
a: no special abilities


You were on level 2 of the Dungeon.
You were very hungry.

You visited 1 branch of the dungeon, and saw 2 of its levels.

You collected 80 gold pieces.

Inventory:

Armour
 a - a +0 robe (worn)
Scrolls
 d - 2 scrolls of fog {unknown}
 e - 4 scrolls of identify {unknown}
 f - a scroll of enchant armour {unknown}
 g - a scroll of enchant weapon {unknown}
Comestibles
 c - 3 rations


   Skills:
 + Level 2.4 Dodging
 + Level 2.5 Stealth
 * Level 4.3 Spellcasting
 + Level 5.5 Ice Magic


You had 10 spell levels left.
You knew the following spells:

 Your Spells              Type           Power        Failure   Level  Hunger
a - Freeze                Ice            ####         1%          1    None

Your spell library contained the following spells:

 Spells                   Type           Power        Failure   Level  Hunger
 Ozocubu's Armour         Chrm/Ice       ###.....     11%         3    ##.....
 Hailstorm                Conj/Ice       ###.....     36%         4    ####...
 Summon Ice Beast         Ice/Summ       ###.....     36%         4    ####...


Dungeon Overview and Level Annotations

Branches:
Dungeon (2/15)

Altars:
Cheibriados
Nemelex Xobeh
Uskayaw
Zin


Message History

Confirm with . or Enter, or press ? or * to list all spells.
Aiming: Freeze (safe; 1% risk of failure)
Press: ? - help, Shift-Dir - straight line, f - dart slug
Aim: a dart slug You freeze the dart slug!
You kill the dart slug!
You feel sick. The hobgoblin hits you.
Casting: Freeze (safe; 1% risk of failure)
Confirm with . or Enter, or press ? or * to list all spells.
Aiming: Freeze (safe; 1% risk of failure)
Press: ? - help, Shift-Dir - straight line, f - adder
Aim: an adder You freeze the adder.
The adder is heavily wounded.
The hobgoblin hits you.
* * * LOW HITPOINT WARNING * * *
The adder bites you but does no damage.
It was a potion of haste.
You feel yourself speed up. The adder barely misses you.
The hobgoblin hits you.
You die...

...##...## #...# ......#..#
#...# ...#####.#######
####### <.....#...'..#$.
.#!.##.+
..#####..###.##.##..$##..##
..# ###..#..#..#..##.#..#
..# #..###.##(.?##.#..###
#.# ####..#..#Sg##.#.....#
.# #.#..###..@##.#..#..###
.# #.###..#.รท##.#..#.##..#
#..#..#####.#..#.##..###
##.###..##.#..#.#####..#
#...#..##.#..#.## #).###
#.#.###..#..#.## ###..#
#####..#.....#.## #..###
###.#....###..#.## ###..#
#...#.##..#..#.## #..###


You could see an adder and a hobgoblin.

Vanquished Creatures
  3 adders (D:2)
  2 oozes (D:1)
  A worm (D:2)
  2 dart slugs
  2 leopard geckos (D:1)
  A giant cockroach (D:1)
  6 hobgoblins
  4 jackals (D:2)
  3 bats
  A frilled lizard (D:1)
  5 rats
30 creatures vanquished.

Notes
Turn   | Place    | Note
-------+----------+-------------------------------------------
     0 | D:1      | McKennaii the Deep Elf Ice Elementalist began the quest for
                  | the Orb.
     0 | D:1      | Reached XP level 1. HP: 10/10 MP: 6/6
   119 | D:1      | Reached XP level 2. HP: 15/15 MP: 4/8
   462 | D:1      | Reached skill level 5 in Ice Magic
   819 | D:2      | Reached XP level 3. HP: 16/19 MP: 6/10
  1435 | D:2      | Found a glowing silver altar of Zin.
  1462 | D:2      | Found a snail-covered altar of Cheibriados.
  1601 | D:2      | Found a hide-covered altar of Uskayaw.
  1606 | D:2      | Found a sparkling altar of Nemelex Xobeh.
  1696 | D:2      | Reached XP level 4. HP: 17/24 MP: 9/12
  1699 | D:2      | Slain by a hobgoblin

Levels and vault maps discovered:
D:1:      nicolae_arrival_memento_mori, layout_basic
D:2:      minmay_razor_zed, layout_loops_cross, zin_academy,
          cheibriados_altar_1, minitemple, minmay_split_cup_small

Skill      XL: |  1  2  3 |
---------------+----------+-----
Ice Magic      | 5 |  5.5
Spellcasting   | 4 |  4.3
Dodging        | |  2.4
Stealth        | |  2.5

Action                   |  1- 3 |  4- 6 || total
-------------------------+-------+-------++-------
Melee: Unarmed           |     6 |       ||     6
 Cast: Freeze            |    49 |     3 ||    52
  Use: Potion            |       |     1 ||     1
  Eat: Chunk             |     1 |       ||     1
Armor: Robe              |     8 |     1 ||     9
Dodge: Dodged            |    33 |     1 ||    34

Table legend:
 A = Non-vault XP
 B = Vault XP
 C = Vault XP percentage of total XP
 D = Non-vault monster count
 E = Vault monster count
 F = Vault count percentage of total count
                 A         B        C        D         E       F
            +---------+---------+-------+---------+---------+-------
      Total |      64 |      39 |  37.9 |      21 |       9 |  30.0
            +---------+---------+-------+---------+---------+-------
        D:1 |      38 |       0 |   0.0 |      14 |       0 |   0.0
        D:2 |      26 |      39 |  60.0 |       7 |       9 |  56.2
            +---------+---------+-------+---------+---------+-------
